 Dungeon Crawl Stone Soup version 0.28-a0-439-g4cf4cd4993 (webtiles) character file.

Game seed: 11517545621381942731

131 Astera the Shield-Bearer (level 5, 0/42 HPs)
             Began as a Formicid Fighter on Sept 11, 2021.
             Killed by nerve-wracking pain
             ... invoked by an orc priest
              (9 damage)
             ... on level 3 of the Dungeon.
             The game lasted 00:05:47 (3221 turns).

Astera the Shield-Bearer (Formicid Fighter)         Turns: 3221, Time: 00:05:47

Health: 0/42       AC:  7    Str: 21    XL:     5   Next: 37%
Magic:  5/5        EV:  9    Int:  7    God:
Gold:   160        SH:  5    Dex: 11    Spells: 4/4 levels left

rFire   . . .      SeeInvis +   a - +0 trident
rCold   . . .      Faith    .   c - +0 buckler
rNeg    . . .      Spirit   .   b - +0 scale mail
rPois   .          Reflect  .   (helmet unavailable)
rElec   .          Harm     .   (no cloak)
rCorr   .          Rampage  .   (no gloves)
Will    .....                   (no boots)
Stlth   ..........              (no amulet)
HPRegen 0.14/turn               (no ring)
MPRegen 0.09/turn               (no ring)

@: no status effects
A: permanent stasis, dig shafts and tunnels, antennae 3, four strong arms
a: Dig, Shaft Self


You were on level 3 of the Dungeon.
You visited 1 branch of the dungeon, and saw 4 of its levels.

You collected 160 gold pieces.

Inventory:

Hand Weapons
 a - a +0 trident (weapon)
Armour
 b - a +0 scale mail (worn)
 c - a +0 buckler (worn)
Scrolls
 f - 2 scrolls of identify {unknown}
 g - 2 scrolls of brand weapon {unknown}
 j - 2 scrolls of enchant weapon {unknown}
 m - a scroll of noise {unknown}
Potions
 d - 2 potions of might
 e - a potion of cancellation {unknown}
 h - 3 potions of curing {unknown}
 i - a potion of attraction {unknown}
 k - a potion of heal wounds {unknown}
 l - a potion of flight {unknown}


   Skills:
 + Level 4.0 Fighting
 + Level 2.8 Polearms
 + Level 4.2 Armour
 + Level 2.1 Stealth
 + Level 4.5 Shields


You had 4 spell levels left.
You didn't know any spells.
Your spell library contained the following spells:

 Spells                   Type           Power      Damage    Failure   Level
 Conjure Flame            Conj/Fire      0%         6-21      98%         3
 Ignite Poison            Fire/Tmut/Pois 0%         N/A       98%         3
 Sticky Flame             Conj/Fire      0%         2d3       100%        4
 Alistair's Intoxication  Tmut/Pois      0%         N/A       100%        5
 Borgnjor's Vile Clutch   Necr/Erth      0%         N/A       100%        5
 Eringya's Noxious Bog    Tmut/Pois      0%         N/A       100%        6


Dungeon Overview and Level Annotations

Branches:
Dungeon (4/15)
 Temple: D:4-7

Altars:
Sif Muna


Innate Abilities, Weirdness & Mutations

You cannot be hasted, slowed, berserked, paralysed or teleported.
You can dig through walls and to a lower floor.
You have a pair of large antennae on your head. (SInv)
Your four strong arms can wield two-handed weapons with a shield.


Message History

There is a stone staircase leading down here.
You open the door.
There is an open door here.
Sif Muna's wrath finds you.
You suddenly feel drained of magical energy!
Magic restored.
You see here 19 arrows.
You sense a monster nearby.
Found a stone staircase leading down.
h - 3 purple potions (gained 1)
An orc priest comes into view. It is wielding a +0 flail.
The orc priest shouts!
You hear a shout!
An orc priest is nearby!
An orc comes into view. It is wielding a +3 flail.
You reach to attack!
You closely miss the orc priest. You closely miss the orc priest.
The orc priest hits you with a +0 flail.
You barely miss the orc priest.
The orc priest hits you with a +0 flail!
You barely miss the orc priest. You hit the orc.
The orc is lightly wounded.
The orc priest looks braver for a moment.
You block the orc's attack.
You puncture the orc!
You kill the orc!
The orc priest invokes the aid of Beogh against you.
Beogh smites you!
You are too injured to fight recklessly!
You are too injured to fight recklessly!
You are too injured to fight recklessly!
You are too injured to fight recklessly!
You are too injured to fight recklessly!
You closely miss the orc priest.
The orc priest hits you with a +0 flail.
* * * LOW HITPOINT WARNING * * *
You barely miss the orc priest.
The orc priest calls down the wrath of Beogh upon you.
Pain shoots through your body!
You die...

...# ... {
#........##.#### ...#
##### #...
#........##..... ...#
#... #......†.#######
...# #...#########.#
...# # #....# #.#######
...# #.#....##
#........ ####
#.......#######.######.
########
###....)o......... #.
........ .......@.#
###.# #. ########
###......## #.# #. #
#....#..### #.# #.
############.........#
#.# #.
....(..............#.#
#. #.
############..#......#
#. # #..#...#..#
#######. # #..##.##.>#
........ ########
#..##.# ### #######.


You could see an orc priest.

Vanquished Creatures
  Jessica (D:2)
  5 adders
  A worm (D:2)
  3 dart slugs
  3 orcs (D:3)
  7 bats
  An endoplasm (D:3)
  2 giant cockroaches
  6 goblins
  3 hobgoblins (D:3)
  3 kobolds
  2 quokkas
  5 ball pythons
  6 frilled lizards
  3 rats
51 creatures vanquished.

Notes
Turn   | Place    | Note
-------+----------+-------------------------------------------
     0 | D:1      | Astera the Formicid Fighter began the quest for the Orb.
     0 | D:1      | Reached XP level 1. HP: 18/18 MP: 1/1
   188 | D:1      | Reached XP level 2. HP: 24/24 MP: 2/2
   627 | D:1      | Found a faded altar of an unknown god.
   632 | D:1      | Became a worshipper of Sif Muna the Loreminder
   632 | D:1      | Reached * piety under Sif Muna
   633 | D:1      | Fell from the grace of Sif Muna
   656 | D:1      | Reached XP level 3. HP: 29/29 MP: 3/3
  1564 | D:2      | Reached skill level 1 in Stealth
  1880 | D:2      | Reached XP level 4. HP: 37/37 MP: 4/4
  2213 | D:2      | Noticed Jessica
  2227 | D:2      | Killed Jessica
  2714 | D:3      | Reached XP level 5. HP: 42/42 MP: 5/5
  3032 | D:4      | Noticed a phantom
  3221 | D:3      | Killed from afar by an orc priest

Illustrated notes

Levels and vault maps discovered:
D:1:      dpeg_arrival_arbitrary_a, layout_basic,
          chequers_ecumenical_altar_simple_redux, minmay_pentomino_s4
D:2:      layout_basic, uniq_jessica
D:3:      layout_basic
D:4:      layout_cave_pools, lemuel_coloured_pillars_altar, cheibriados_altar_1,
          nicolae_ossuary_entry_false_entrances

Skill      XL: |  1  2  3  4  5 |
---------------+----------------+-----
Stealth        | 1 2 |  2.1
Shields        | 4 |  4.5
Armour         | 4 |  4.2
Fighting       | 4 |  4.0
Polearms       | |  2.8

Action                   |  1- 3 |  4- 6 || total
-------------------------+-------+-------++-------
Melee: Trident           |   104 |   103 ||   207
Invok: Renounce Religion |     1 |       ||     1
 Abil: Dig               |       |     1 ||     1
Armor: Scale mail        |    31 |    28 ||    59
Dodge: Dodged            |    38 |    32 ||    70
Block: Buckler           |    16 |    18 ||    34

Table legend: (Time is in decaauts)
 A = Elapsed time spent in this place.
 B = Non-inter-level travel time spent in this place.
 C = Inter-level travel time spent in this place.
 D = Time resting spent in this place.
 E = Time spent auto-exploring this place.
 F = Levels seen in this place.
 G = Mean time per level.
                   A        B        C        D        E       F      G
               +--------+--------+--------+--------+--------+-----+--------+
         Total |   3260 |   3107 |    153 |      0 |   2561 |   4 |  815.0 |
       Dungeon |   3260 |   3107 |    153 |      0 |   2561 |   4 |  815.0 |
               +--------+--------+--------+--------+--------+-----+--------+

Top non-repeatable levels by time:
     D:2: 1341 daAuts
     D:1: 1164 daAuts
     D:3: 753 daAuts
     D:4: 1 daAuts
